 Dungeon Crawl Stone Soup version 0.30-a0-728-gc68057be0a (webtiles) character file.

Game seed: 341203709841305194

7086 hikkokomori the Carver (level 11, -6/71 HPs)
             Began as a Tengu Gladiator on Feb 1, 2023.
             Was a High Priest of Okawaru.
             Mangled by an orc warrior
             ... wielding a +0 battleaxe
              (9 damage)
             ... on level 11 of the Dungeon.
             The game lasted 00:23:29 (11006 turns).

hikkokomori the Carver (Tengu Gladiator)           Turns: 11006, Time: 00:23:30

Health: -6/71      AC: 12    Str: 14    XL:     11   Next: 9%
Magic:  16/16      EV: 15    Int:  9    God:    Okawaru [*****.]
Gold:   703        SH:  0    Dex: 20    Spells: 10/12 levels left

rFire   . . .      SeeInvis .    l - +1 falchion (protect)
rCold   . . .      Faith    +    (no shield)
rNeg    . . .      Spirit   .    M - +0 troll leather armour
rPois   .          Reflect  .    c - +0 hat
rElec   .          Harm     .    (no cloak)
rCorr   .          Rampage  .    J - +0 pair of gloves
Will    .....                    (boots unavailable)
Stlth   +++                      L - amulet of faith
HPRegen 1.11/turn                (no ring)
MPRegen 0.15/turn                (no ring)

@: under a protective aura, flying quickly and evasively, invisible, quick
A: beak, talons 3, nimble flight
a: Renounce Religion, Heroism, Finesse, Duel


You were on level 11 of the Dungeon.
You worshipped Okawaru.
Okawaru was extremely pleased with you.
You visited 1 branch of the dungeon, and saw 11 of its levels.
You also visited: Sewer.

You collected 703 gold pieces.

Inventory:

Hand Weapons
 a - a +1 long sword
 l - a +1 falchion of protection (weapon)
 C - a +0 shortbow
 N - a +4 scimitar
Missiles
 d - 3 throwing nets (quivered)
 e - a javelin
Armour
 b - the +1 robe of Marbles {+Inv rC+}
   (You found it on level 8 of the Dungeon)

   rC:        It protects you from cold.
   +Inv:      It lets you turn invisible.
 c - a +0 hat (worn)
 v - the +1 scale mail of the Engineer {Int+6}
   (You found it on level 3 of the Dungeon)

   Int:       It affects your intelligence (+6).
 F - +0 steam dragon scales
 I - a +0 pair of gloves
 J - a +0 pair of gloves (worn)
 M - a +0 troll leather armour (worn)
Jewellery
 o - an amulet of magic regeneration
 K - a ring of resist corrosion
 L - an amulet of faith (around neck)
Wands
 t - a wand of light (1)
Scrolls
 f - 4 scrolls of vulnerability
 j - 2 scrolls of enchant weapon
 k - 2 scrolls of blinking
 m - a scroll of summoning {unknown}
 n - a scroll of noise {unknown}
 p - 5 scrolls of amnesia
 w - a scroll of silence
 y - 2 scrolls of fog {unknown}
 B - 6 scrolls of teleportation {unknown}
 H - 3 scrolls of identify
Potions
 g - 6 potions of attraction
 h - a potion of haste {unknown}
 i - a potion of cancellation {unknown}
 q - a potion of heal wounds
 s - a potion of mutation
 z - 2 potions of ambrosia
 D - a potion of curing {unknown}
 E - a potion of magic {unknown}
 G - a potion of lignification {unknown}
Miscellaneous
 r - a piece from Xom's chessboard (14/15)


   Skills:
 + Level 9.2 Fighting
 + Level 10.3 Long Blades
 + Level 6.7 Ranged Weapons
 - Level 2.0 Throwing
 - Level 3.2 Dodging
 - Level 5.0 Stealth
 - Level 1.3 Spellcasting
 + Level 3.3 Transmutations
 - Level 5.4 Invocations


You had 10 spell levels left.
You knew the following spells:

 Your Spells              Type           Power      Damage    Failure   Level
a - Wereblood             Tmut           6%         N/A       17%         2

Your spell library contained the following spells:

 Spells                   Type           Power      Damage    Failure   Level
 Beastly Appendage        Tmut           12%        N/A       12%         1
 Passwall                 Tmut/Erth      2%         N/A       34%         2
 Apportation              Tloc           0%         N/A       41%         1
 Freeze                   Ice            0%         1d3       41%         1
 Necrotise                Necr           0%         1d4       41%         1
 Blink                    Tloc           0%         N/A       56%         2
 Ensorcelled Hibernation  Hex/Ice        0%         N/A       56%         2
 Lesser Beckoning         Tloc           0%         N/A       56%         2
 Momentum Strike          Conj/Tloc      0%         3d8       56%         2
 Spider Form              Tmut/Pois      3%         N/A       56%         3
 Frozen Ramparts          Ice            0%         1d1       80%         3
 Hailstorm                Conj/Ice       0%         3d3       80%         3
 Portal Projectile        Hex/Tloc       0%         N/A       80%         3
 Swiftness                Air            0%         N/A       80%         3
 Leda's Liquefaction      Hex/Erth       0%         N/A       99%         4
 Summon Small Mammal      Summ           Unusable   N/A       N/A         1
 Call Canine Familiar     Summ           Unusable   N/A       N/A         3

Dungeon Overview and Level Annotations

Branches:
Dungeon (11/15)            Temple (0/1) D:5            Lair (0/5) D:11
    Orc (0/2) D:11          Sewer (visited)

Altars:
Ashenzari
Cheibriados
Dithmenos
Fedhas
Gozag
Kikubaaqudgha
Okawaru
Qazlal
Trog
Vehumet
Yredelemnul
Zin
The Shining One

Shops:
D:5 (


Innate Abilities, Weirdness & Mutations

You have a beak for a mouth.
You have claws for feet.
Your magical nature lets you fly swiftly and evasively.


Message History

You closely miss the orc warrior.
You claw the orc warrior, but do no damage.
You feel sick.
You hit the orc warrior.
You claw the orc warrior, but do no damage.
Your punch misses the orc warrior.
The orc warrior is lightly wounded.
You feel sick.
You are no longer poisoned.
The orc warrior completely misses you.
You hit the orc warrior.
You claw the orc warrior, but do no damage.
The orc warrior is moderately wounded.
The orc warrior hits you with a +0 battleaxe.
* * * LOW HITPOINT WARNING * * *
You closely miss the orc warrior.
The orc warrior is moderately wounded.
The orc warrior closely misses you.
You catch the helpless orc warrior completely off-guard!
You hit the orc warrior but do no damage.
The orc warrior is moderately wounded.
The orc warrior misses you.
You catch the helpless orc warrior completely off-guard!
You hit the orc warrior but do no damage.
Your peck misses the orc warrior.
The orc warrior is moderately wounded.
You slash the orc warrior! Your kick misses the orc warrior.
You peck the orc warrior, but do no damage.
The orc warrior is heavily wounded.
You catch the helpless orc warrior completely off-guard!
You hit the orc warrior but do no damage.
Your kick misses the orc warrior.
You peck the orc warrior, but do no damage.
The orc warrior is heavily wounded.
You flicker back into view.
The orc warrior hits you with a +0 battleaxe!!
* * * LOW HITPOINT WARNING * * *
You fade into invisibility!
The orc warrior hits you with a +0 battleaxe!
You die...

#. ... #. #.# #.
#.# #. #.# #.###
#####.# ... ...#.#
#.# #####.#.######
#@#8g..8#.........
#o#oo...#.########
#Ooo.>..#.#
#)#oo...#.#
#)#8...8#.#
#.#######.# #...##
#.# ###..####.#
##......#


You could see an orc warrior (unable to see you), an ogre (unable to see you,
poisoned) and 2 orcs.

Vanquished Creatures
  A two-headed ogre (D:10)
  A gargoyle (D:10)
  3 trolls
  2 shadows
  4 yaks (D:10)
  A wraith (D:11)
  Menkaure (D:5)
  3 steam dragons
  An acid dragon (D:9)
  2 water moccasins
  Duvessa (D:5)
  4 orc warriors (D:11)
  3 ice beasts
  3 black bears
  3 ogres
  3 centaurs
  3 phantoms
  Blork the orc (D:4)
  A kobold brigand (D:11)
  2 bullfrogs
  2 gnoll sergeants
  4 scorpions
  2 necrophages
  3 wights (D:9)
  Dowan (D:5)
  2 howler monkeys
  3 bullfrog zombies (D:6)
  6 hounds
  7 orc priests
  A centaur zombie (D:6)
  3 iguanas
  6 orc wizards
  A killer bee zombie (D:6)
  A howler monkey zombie (D:6)
  8 gnolls
  8 adders
  4 shadow imps
  2 white imps
  3 worms
  A dart slug (D:3)
  22 orcs
  8 endoplasms
  5 giant cockroaches
  4 goblins
  10 hobgoblins
  9 jackals
  5 kobolds
  5 quokkas
  11 ball pythons
  13 bats
  4 frilled lizards
  7 rats
214 creatures vanquished.

Vanquished Creatures (others)
  A gnoll (D:11)
  An orc (D:11)
2 creatures vanquished.

Grand Total: 216 creatures vanquished

Notes
Turn   | Place    | Note
-------+----------+-------------------------------------------
     0 | D:1      | hikkokomori the Tengu Gladiator began the quest for the
                  | Orb.
     0 | D:1      | Reached XP level 1. HP: 12/12 MP: 2/2
    91 | D:1      | Reached XP level 2. HP: 17/17 MP: 3/3
   142 | D:1      | Reached skill level 1 in Stealth
   380 | D:1      | Reached XP level 3. HP: 17/22 MP: 4/4
   985 | D:2      | Reached skill level 4 in Long Blades
   985 | D:2      | Reached XP level 4. HP: 27/27 MP: 5/5
  1667 | D:3      | Identified the +1 scale mail of the Engineer {Int+6}
  1921 | D:3      | Found an iron altar of Okawaru.
  1942 | D:3      | Became a worshipper of Warmaster Okawaru
  2310 | D:4      | Noticed a necrophage
  2321 | D:4      | Killed a necrophage
  2322 | D:4      | Gained mutation: Your magical nature lets you fly swiftly
                  | and evasively. [Tengu growth]
  2322 | D:4      | Reached XP level 5. HP: 18/32 MP: 6/6
  2542 | D:4      | Reached XP level 6. HP: 37/38 MP: 7/7
  2577 | D:4      | Noticed Blork the orc
  2579 | D:4      | Reached * piety under Okawaru
  2580 | D:4      | Reached skill level 5 in Long Blades
  2715 | D:4      | Found a glowing drain.
  2722 | Sewer    | Entered a sewer
  2752 | Sewer    | Noticed a water moccasin
  2763 | Sewer    | Killed a water moccasin
  2850 | D:4      | Reached XP level 7. HP: 30/44 MP: 8/8
  3248 | D:4      | Killed Blork the orc
  3373 | D:4      | Found a glowing silver altar of Zin.
  3373 | D:4      | Found an opulent altar of Gozag.
  3434 | D:4      | Found a snail-covered altar of Cheibriados.
  3793 | D:5      | Entered Level 5 of the Dungeon
  3795 | D:5      | Noticed Dowan
  3796 | D:5      | Noticed Menkaure
  3796 | D:5      | Noticed Duvessa
  3805 | D:5      | Killed Menkaure
  3805 | D:5      | Reached ** piety under Okawaru
  3806 | D:5      | Reached skill level 5 in Fighting
  3806 | D:5      | Reached skill level 6 in Long Blades
  3807 | D:5      | Reached skill level 5 in Stealth
  4091 | D:5      | Killed Duvessa
  4092 | D:5      | Reached skill level 1 in Invocations
  4092 | D:5      | Reached XP level 8. HP: 10/50 MP: 8/10
  4252 | D:5      | Killed Dowan
  4557 | D:5      | Found a staircase to the Ecumenical Temple.
  4615 | D:5      | Found Coikkedgh's Weapon Emporium.
  4796 | D:5      | Found an ancient bone altar of Kikubaaqudgha.
  4821 | D:5      | Reached skill level 7 in Long Blades
  4827 | D:5      | Found a glowing golden altar of the Shining One.
  5103 | D:5      | Found a stormy altar of Qazlal.
  5367 | D:6      | Reached *** piety under Okawaru
  5566 | D:6      | Reached skill level 1 in Spellcasting
  5592 | D:6      | Reached XP level 9. HP: 43/56 MP: 12/12
  5645 | D:6      | Found a bloodstained altar of Trog.
  5663 | D:6      | Found a radiant altar of Vehumet.
  5748 | D:6      | Reached skill level 1 in Ranged Weapons
  5899 | D:6      | Reached skill level 8 in Long Blades
  5907 | D:6      | Found a basalt altar of Yredelemnul.
  6566 | D:7      | Reached **** piety under Okawaru
  6976 | D:7      | Learned a level 2 spell: Wereblood
  7390 | D:8      | Identified the +1 robe of Marbles {+Inv rC+}
  8008 | D:8      | Reached skill level 5 in Invocations
  8183 | D:8      | Reached XP level 10. HP: 47/64 MP: 14/14
  8604 | D:8      | Reached skill level 9 in Long Blades
  8761 | D:9      | Found a broken altar of Ashenzari.
  9428 | D:9      | Reached skill level 5 in Ranged Weapons
  9430 | D:9      | Reached skill level 1 in Transmutations
  9569 | D:9      | Found a blossoming altar of Fedhas.
  9902 | D:10     | Entered Level 10 of the Dungeon
  9919 | D:10     | Noticed a gargoyle
  9935 | D:10     | Killed a gargoyle
 10033 | D:10     | Noticed a two-headed ogre
 10041 | D:10     | Killed a two-headed ogre
 10041 | D:10     | Reached ***** piety under Okawaru
 10080 | D:10     | Found a shadowy altar of Dithmenos.
 10432 | D:10     | HP: 2/65 [something (7)]
 10433 | D:11     | Found a staircase to the Lair.
 10674 | D:10     | Noticed a five-headed hydra
 10696 | D:11     | Reached skill level 10 in Long Blades
 10700 | D:11     | Received a gift from Okawaru
 10952 | D:11     | Found a staircase to the Orcish Mines.
 10967 | D:11     | Reached XP level 11. HP: 64/71 MP: 14/16
 11005 | D:11     | HP: 2/71 [orc warrior/+0 battleaxe (18)]
 11006 | D:11     | Mangled by an orc warrior

Illustrated notes

Levels and vault maps discovered:
D:1:      dpeg_arrival_rooms_c, layout_basic, nrook_campfire,
          minmay_misc_feat_pillars
D:2:      layout_basic
D:3:      layout_basic, lemuel_crystal_altar, hangedman_decor_diamond_cutter
D:4:      layout_loops_corners, grunt_temple_overflow_gold_and_silver,
          lemuel_crystal_altar, cheibrodos_sewer_entry_sluice,
          uniq_blork_the_orc
D:5:      layout_basic, mainiacjoe_overflow_paths,
          mainiacjoe_overflow_cross_hatched, nicolae_tso_carved_into_rock,
          minmay_temple_entry_large_hall, hangedman_decor_growths,
          nicolae_stop_n_shop_1, uniq_duvessa, uniq_menkaure
D:6:      layout_basic, mainiacjoe_overflow_swirl,
          nicolae_yredelemnul_corpse_copse
D:7:      layout_basic
D:8:      layout_loops_corners
D:9:      layout_basic, nicolae_overflow_hidden_temple,
          nicolae_ashenzari_panopticon
D:10:     layout_basic, lemuel_crystal_altar, serial_curves, eino_curves_01,
          eino_curves_03, minmay_circle_x, uniq_joseph
D:11:     minmay_polygon_palace, layout_long_grid,
          kennysheep_orc_monster_closet_entryway, uniq_maurice

Skill      XL: |  1  2  3  4  5  6  7  8  9 10 |
---------------+-------------------------------+-----
Stealth        | 1 2 3 4 5 |  5.0
Long Blades    | 4 5 6 7 8 10 | 10.3
Fighting       | 3 4 5 6 7 9 |  9.2
Invocations    | 1 3 5 |  5.4
Spellcasting   | 1 |  1.3
Ranged Weapons | 4 6 |  6.7
Transmutations | 3 |  3.3
Throwing       | |  2.0
Dodging        | |  3.2

Action                     |  1- 3 |  4- 6 |  7- 9 | 10-12 || total
---------------------------+-------+-------+-------+-------++-------
  Melee: Long sword        |    89 |    97 |   262 |       ||   448
         Kick              |    17 |    24 |    82 |    75 ||   198
         Peck              |    10 |    17 |    52 |    45 ||   124
         Punch             |       |     3 |     6 |     8 ||    17
         Falchion          |       |       |       |   183 ||   183
   Fire: Shortbow          |       |       |    50 |    33 ||    83
  Throw: Javelin           |       |     1 |     1 |     1 ||     3
         Throwing net      |       |       |       |     1 ||     1
   Cast: Wereblood         |       |       |       |     3 ||     3
 Invoke: Heroism           |       |       |     4 |     5 ||     9
         Finesse           |       |       |       |     1 ||     1
  Evoke: Wand              |       |       |     3 |    14 ||    17
         Piece from Xom's  |       |       |       |     1 ||     1
    Use: Scroll            |       |     6 |     7 |       ||    13
         Potion            |       |     1 |     1 |     5 ||     7
   Stab: Sleeping          |     6 |     1 |     4 |       ||    11
         Distracted        |       |     1 |     1 |       ||     2
         Invisible         |       |       |       |    13 ||    13
 Armour: Leather armour    |    22 |     1 |       |       ||    23
         Scale mail        |       |    42 |   114 |    87 ||   243
         Ring mail         |       |     4 |       |       ||     4
         Troll leather arm |       |       |       |     3 ||     3
  Dodge: Dodged            |    64 |    85 |   181 |    87 ||   417

Table legend: (Time is in decaauts)
 A = Elapsed time spent in this place.
 B = Non-inter-level travel time spent in this place.
 C = Inter-level travel time spent in this place.
 D = Time resting spent in this place.
 E = Time spent auto-exploring this place.
 F = Levels seen in this place.
 G = Mean time per level.
                   A        B        C        D        E       F      G
               +--------+--------+--------+--------+--------+-----+--------+
         Total |  10535 |  10233 |    302 |    612 |   7598 |  12 |  877.9 |
       Dungeon |  10405 |  10103 |    302 |    612 |   7536 |  11 |  945.9 |
         Sewer |    130 |    130 |      0 |      0 |     61 |   1 |  130.0 |
               +--------+--------+--------+--------+--------+-----+--------+

Top non-repeatable levels by time:
     D:4: 1601 daAuts
     D:8: 1222 daAuts
     D:5: 1114 daAuts
     D:9: 1090 daAuts
     D:3: 1047 daAuts
     D:6: 1001 daAuts
     D:7: 965 daAuts
     D:1: 832 daAuts
    D:10: 732 daAuts
     D:2: 517 daAuts
    D:11: 280 daAuts
   Sewer: 130 daAuts
